 Dungeon Crawl Stone Soup version 0.30-a0-168-g0b976cbdc4 (webtiles) character file.

Game seed: 13960348139458618590

1567 zishaf the Trooper (level 8, 0/45 HPs)
             Began as a Vine Stalker Brigand on Sept 29, 2022.
             Was a Follower of Uskayaw.
             Succumbed to a gnoll sergeant's poison
             ... on level 6 of the Dungeon.
             The game lasted 00:11:40 (4898 turns).

zishaf the Trooper (Vine Stalker Brigand)           Turns: 4898, Time: 00:11:40

Health: 0/45       AC: 10    Str: 15    XL:     8   Next: 90%
Magic:  7/19       EV: 10    Int: 11    God:    Uskayaw [*.....]
Gold:   332        SH:  0    Dex: 17    Spells: 7/7 levels left

rFire   . . .      SeeInvis .    a - +2 dagger (protect)
rCold   + . .      Faith    .    (no shield)
rNeg    . . .      Spirit   +    v - +0 ring mail
rPois   .          Reflect  .    (no helmet)
rElec   .          Harm     .    c - +1 cloak
rCorr   .          Rampage  .    (no gloves)
Will    +....                    g - +2 pair of boots
Stlth   ++........               (no amulet)
HPRegen 0.95/turn                u - ring of protection from cold
MPRegen 0.16/turn                m - ring of magical power

@: lethally poisoned (0 -> -6)
A: fangs 3, regeneration 1, magic shield, antimagic bite, no potion heal 2
a: Renounce Religion, Stomp


You were on level 6 of the Dungeon.
You worshipped Uskayaw.
Uskayaw was noncommittal.
You visited 2 branches of the dungeon, and saw 7 of its levels.

You collected 332 gold pieces.

Inventory:

Hand Weapons
 a - a +2 dagger of protection (weapon)
 b - a +0 sling
 j - a +2 dagger of flaming
 p - a +3 dagger
Missiles
 d - 8 poisoned darts (quivered)
 e - 3 curare-tipped darts
 s - 4 boomerangs
Armour
 c - a +1 cloak (worn)
 g - a +2 pair of boots (worn)
 o - a +0 robe
 r - a +0 leather armour
 v - a +0 ring mail (worn)
Jewellery
 m - a ring of magical power (right hand)
 n - a ring of protection from cold
 u - a ring of protection from cold (left hand)
Wands
 q - a wand of charming (8)
Scrolls
 k - a scroll of silence
 t - 2 scrolls of fog
Potions
 f - a potion of might
 h - a potion of flight
 i - a potion of lignification {unknown}
 l - 2 potions of attraction
 w - a potion of mutation
 x - a potion of ambrosia {unknown}
 A - a potion of haste


   Skills:
 + Level 6.5 Fighting
 + Level 6.4 Short Blades
 - Level 4.0 Throwing
 - Level 1.0 Dodging
 - Level 5.0 Stealth
 * Level 2.1 Invocations


You had 7 spell levels left.
You didn't know any spells.
Your spell library contained the following spells:

 Spells                   Type           Power      Damage    Failure   Level
 Frozen Ramparts          Ice            0%         1d1       91%         3
 Ice Form                 Ice/Tmut       0%         N/A       100%        4
 Summon Ice Beast         Ice/Summ       0%         N/A       100%        4


Dungeon Overview and Level Annotations

Branches:
Dungeon (6/15)             Temple (1/1) D:6

Altars:
Ashenzari
Cheibriados
Dithmenos
Elyvilon
Fedhas
Gozag
Kikubaaqudgha
Nemelex Xobeh
Okawaru
Qazlal
Ru
Sif Muna
Trog
Uskayaw
Vehumet
Wu Jian
Xom
Yredelemnul
Zin

Annotations:
D:4 3 runed translucent doors, Darkkill's ghost, amateur DsHu


Innate Abilities, Weirdness & Mutations

You have razor-sharp teeth.
Your natural rate of healing is unusually fast.
When hurt, damage is shared between your health and your magic reserves.
Your bite disrupts and absorbs the magic of your enemies.
Potions cannot restore your health.


Message History

The gnoll sergeant is moderately wounded.
You feel sick.
The gnoll sergeant hits you with a +1 trident of venom.
You are more poisoned.
You hit the gnoll sergeant but do no damage.
The gnoll sergeant is moderately wounded.
You feel sick.
You barely miss the gnoll sergeant.
The gnoll sergeant is moderately wounded.
You feel sick.
The gnoll sergeant hits you with a +1 trident of venom!
You are more poisoned.
You hit the gnoll sergeant but do no damage.
The gnoll sergeant blocks your attack.
The gnoll sergeant is moderately wounded.
You feel very sick.
The gnoll sergeant hits you with a +1 trident of venom.
You are lethally poisoned!
You hit the gnoll sergeant but do no damage.
The gnoll sergeant is moderately wounded.
You feel very sick.
You feel extremely sick.
The gnoll sergeant hits you but does no damage.
You can no longer pass through a line of other dancers.
* * * LOW HITPOINT WARNING * * *
You feel very sick.
* * * LOW HITPOINT WARNING * * *
You feel very sick.
* * * LOW HITPOINT WARNING * * *
You feel very sick.
It was a potion of curing.
Your system rejects the healing.
You feel better.
The gnoll sergeant hits you from afar with a +1 trident of venom.
* * * LOW HITPOINT WARNING * * *
You are lethally poisoned!
Your system rejects the healing.
You feel better.
The gnoll sergeant hits you from afar with a +1 trident of venom!
* * * LOW HITPOINT WARNING * * *
You are lethally poisoned!
Okay, then.
You die...

#.##..........#............ #
#....#.##..##.#...#.##########.
######.#.#....#.#...#.......#...#
....)<#.......#.#...#.#####.#...#
.................#..#.###.#.#...#
..#..[##...#####.#..#.#...#.#...#
...#[#..#...........#.#.#.......+
#..#.)..#..#....)#......#...#...#
.##....#...#....@##.#.......#....
....>......#.....##.#.#.#.#......
.#....##..##..[.g##.#...#...##..#
#....#..#.##....g##.#######.#..).
#..#.#....##.....##.. ..#.#)#
.##...#..#######)#### ####.#.) .
......## #(# #...... ....### #.#
#...#.# ....# #.# #...#.#


You could see a gnoll sergeant and a gnoll.

Vanquished Creatures
  2 black bears (D:5)
  2 ice beasts
  2 centaurs (D:5)
  An ogre (D:4)
  Blork the orc (D:4)
  2 necrophages (D:5)
  A jelly (D:6)
  A gnoll bouda (D:6)
  3 hounds
  4 orc priests
  Terence (D:2)
  5 iguanas
  2 orc wizards
  7 adders
  13 gnolls
  2 white imps (D:5)
  An ufetubus (D:6)
  2 worms
  A dart slug (D:1)
  8 orcs
  7 ball pythons
  6 bats
  10 endoplasms
  3 giant cockroaches
  8 goblins
  3 hobgoblins
  6 jackals
  6 quokkas
  2 frilled lizards
  8 kobolds
  4 rats
124 creatures vanquished.

Notes
Turn   | Place    | Note
-------+----------+-------------------------------------------
     0 | D:1      | zishaf the Vine Stalker Brigand began the quest for the
                  | Orb.
     0 | D:1      | Reached XP level 1. HP: 11/11 MP: 2/2
   144 | D:1      | Reached skill level 1 in Dodging
   144 | D:1      | Reached XP level 2. HP: 15/15 MP: 3/3
   161 | D:1      | Reached skill level 5 in Stealth
   198 | D:1      | Found a faded altar of an unknown god.
   371 | D:1      | Reached XP level 3. HP: 17/18 MP: 4/4
   669 | D:2      | Noticed Terence
   701 | D:2      | Killed Terence
   948 | D:2      | Gained mutation: Your natural rate of healing is unusually
                  | fast. [Vine Stalker growth]
   948 | D:2      | Reached XP level 4. HP: 18/23 MP: 3/5
  1436 | D:3      | Reached XP level 5. HP: 28/28 MP: 4/6
  1606 | D:3      | Found a basalt altar of Yredelemnul.
  2347 | D:4      | Reached XP level 6. HP: 32/32 MP: 7/7
  2604 | D:4      | Found a runed translucent gate.
  2605 | D:4      | Found a runed translucent gate.
  2607 | D:4      | Found a runed translucent gate.
  2607 | D:4      | Noticed Blork the orc
  2751 | D:4      | Killed Blork the orc
  2758 | D:3      | HP: 1/33 [poisoned by Blork the orc]
  2798 | D:4      | Noticed Darkkill's ghost (amateur DsHu)
  3043 | D:4      | Found a sparkling altar of Nemelex Xobeh.
  3044 | D:4      | Reached XP level 7. HP: 37/37 MP: 8/8
  3278 | D:5      | Entered Level 5 of the Dungeon
  3577 | D:5      | Reached skill level 5 in Fighting
  3588 | D:5      | Reached skill level 5 in Short Blades
  3669 | D:5      | Gained mutation: You have razor-sharp teeth. [Vine Stalker
                  | growth]
  3669 | D:5      | Reached XP level 8. HP: 40/44 MP: 9/9
  4173 | D:6      | Found a staircase to the Ecumenical Temple.
  4361 | Temple   | Entered the Ecumenical Temple
  4452 | Temple   | Became a worshipper of Uskayaw the Reveller
  4790 | D:6      | Reached * piety under Uskayaw
  4793 | D:6      | Reached ** piety under Uskayaw
  4799 | D:6      | Reached *** piety under Uskayaw
  4801 | D:6      | Reached skill level 1 in Invocations
  4822 | D:6      | Reached **** piety under Uskayaw
  4828 | D:6      | Reached ***** piety under Uskayaw
  4897 | D:6      | HP: 2/45 [gnoll sergeant/+1 trident of venom (3)]
  4898 | D:6      | Succumbed to a gnoll sergeant's poison

Illustrated notes

Levels and vault maps discovered:
D:1:      dpeg_arrival_rooms_a, layout_rooms, basic_ecumenical_altar,
          minmay_misc_feat_doors
D:2:      layout_basic, uniq_terence
D:3:      layout_loops_corners, yredelemnul_altar_generic
D:4:      layout_basic, mainiacjoe_overflow_six_doors_small,
          ebering_ghost_rock_garden, uniq_blork_the_orc
D:5:      layout_loops_ring
D:6:      layout_basic, minmay_temple_entry_mini_moons,
          nicolae_concentric_dashed_squares_wild, hangedman_feature_mirror
Temple:   minmay_temple_bridge_d

Skill      XL: |  1  2  3  4  5  6  7  8 |
---------------+-------------------------+-----
Dodging        | 1 |  1.0
Fighting       | 2 3 4 5 6 |  6.5
Stealth        | 5 |  5.0
Throwing       | 2 3 4 |  4.0
Short Blades   | 2 3 4 5 6 |  6.4
Invocations    | 2 |  2.1

Action                   |  1- 3 |  4- 6 |  7- 9 || total
-------------------------+-------+-------+-------++-------
Melee: Dagger            |    90 |   249 |   251 ||   590
       Bite              |    24 |    77 |   106 ||   207
       Punch             |     1 |     1 |     7 ||     9
 Fire: Sling             |     4 |       |       ||     4
Throw: Dart              |       |     4 |     1 ||     5
  Use: Scroll            |       |    10 |     4 ||    14
       Potion            |       |     1 |     2 ||     3
 Stab: Sleeping          |     7 |    10 |     3 ||    20
       Distracted        |       |     2 |       ||     2
       Paralysed         |       |       |     1 ||     1
Armor: Robe              |    28 |       |       ||    28
       Leather armour    |       |    28 |       ||    28
       Ring mail         |       |    58 |   137 ||   195
Dodge: Dodged            |    43 |   108 |   109 ||   260

Table legend: (Time is in decaauts)
 A = Elapsed time spent in this place.
 B = Non-inter-level travel time spent in this place.
 C = Inter-level travel time spent in this place.
 D = Time resting spent in this place.
 E = Time spent auto-exploring this place.
 F = Levels seen in this place.
 G = Mean time per level.
                   A        B        C        D        E       F      G
               +--------+--------+--------+--------+--------+-----+--------+
         Total |   4790 |   4483 |    307 |    262 |   3050 |   7 |  684.3 |
       Dungeon |   4424 |   4225 |    199 |    262 |   2797 |   6 |  737.3 |
        Temple |    365 |    257 |    108 |      0 |    253 |   1 |  365.0 |
               +--------+--------+--------+--------+--------+-----+--------+

Top non-repeatable levels by time:
     D:3: 1046 daAuts
     D:5: 875 daAuts
     D:4: 863 daAuts
     D:2: 831 daAuts
     D:1: 563 daAuts
  Temple: 365 daAuts
     D:6: 244 daAuts
